 Dungeon Crawl Stone Soup version 0.28.0-43-g3370ac3207 (webtiles) character file.

Game seed: 16707763532868198704

211 RatsInWalls the Cudgeller (level 5, -3/53 HPs)
             Began as a Troll Monk on Mar 31, 2022.
             Killed from afar by Blork the orc (6 damage)
             ... with a magic dart
             ... on level 4 of the Dungeon.
             The game lasted 00:04:44 (2228 turns).

RatsInWalls the Cudgeller (Troll Monk)              Turns: 2228, Time: 00:04:45

Health: -3/53      AC:  5    Str: 21    XL:     5   Next: 57%
Magic:  4/4        EV: 10    Int:  6    God:
Gold:   83         SH:  0    Dex: 12    Spells: 4/4 levels left

rFire   . . .      SeeInvis .   a - +0 mace
rCold   . . .      Faith    .   (no shield)
rNeg    . . .      Spirit   .   b - +0 robe
rPois   .          Reflect  .   (helmet restricted)
rElec   .          Harm     .   d - +0 cloak
rCorr   .          Rampage  .   (gloves unavailable)
Will    .....                   (boots unavailable)
Stlth   ++........              (no amulet)
HPRegen 0.97/turn               (no ring)
MPRegen 0.09/turn               (no ring)

@: no status effects
A: large, unfitting armour, claws 3, regeneration 1, shaggy fur 1, tough skin 1
a: no special abilities


You were on level 4 of the Dungeon.
You visited 1 branch of the dungeon, and saw 4 of its levels.

You collected 83 gold pieces.

Inventory:

Hand Weapons
 a - a +0 mace (weapon)
Armour
 b - a +0 robe (worn)
 d - a +0 cloak (worn)
Jewellery
 g - the ring "Ehaciffo" {rN+ rCorr AC+4}
   (You found it on level 2 of the Dungeon)

   [ring of protection]

   AC:        It affects your AC (+4).
   rN:        It protects you from negative energy.
   rCorr:     It protects you from acid and corrosion.
 j - an amulet of guardian spirit
Wands
 h - a wand of flame (16)
 l - a wand of polymorph (9)
Scrolls
 c - a scroll of fear {unknown}
 e - 5 scrolls of identify {unknown}
 i - a scroll of teleportation {unknown}
Potions
 f - 2 potions of haste {unknown}
 k - a potion of resistance {unknown}
 m - a potion of curing {unknown}


   Skills:
 + Level 3.1 Fighting
 + Level 4.2 Maces & Flails
 * Level 1.8 Armour
 + Level 3.2 Dodging
 - Level 1.0 Stealth


You had 4 spell levels left.
You didn't know any spells.
Your spell library contained the following spells:

 Spells                   Type           Power      Damage    Failure   Level
 Foxfire                  Conj/Fire      0%         2x1d4     45%         1
 Summon Small Mammal      Summ           0%         N/A       45%         1
 Call Canine Familiar     Summ           0%         N/A       83%         3
 Conjure Flame            Conj/Fire      0%         6-21      83%         3
 Inner Flame              Hex/Fire       0%         N/A       83%         3
 Summon Guardian Golem    Hex/Summ       0%         N/A       83%         3
 Flame Wave               Conj/Fire      0%         2d4       99%         4


Dungeon Overview and Level Annotations

Branches:
Dungeon (4/15)
 Temple: D:4-7

Altars:
Gozag

Annotations:
D:4 Blork the orc


Innate Abilities, Weirdness & Mutations

You are too large for most types of armour.
You have claws for hands.
Your natural rate of healing is unusually fast.
You are covered in fur. (AC +1)
You have tough skin. (AC +1)


Message History

You thump Blork the orc!
Blork the orc is moderately wounded.
Blork the orc hits you with a +0 war axe.
Blork the orc hits you with a +0 war axe!
You are too injured to fight recklessly!
You are too injured to fight recklessly!
You are too injured to fight recklessly!
You are too injured to fight recklessly!
You are too injured to fight recklessly!
You thump Blork the orc!
Blork the orc is heavily wounded.
Blork the orc hits you with a +0 war axe!
Blork the orc closely misses you.
You hit Blork the orc.
Blork the orc is severely wounded.
Blork the orc hits you with a +0 war axe!
* * * LOW HITPOINT WARNING * * *
Blork the orc hits you with a +0 war axe.
* * * LOW HITPOINT WARNING * * *
Blork the orc barely misses you. Blork the orc casts a spell at you.
The puff of flame hits you.
* * * LOW HITPOINT WARNING * * *
Okay, then.
Blork the orc hits you with a +0 war axe.
* * * LOW HITPOINT WARNING * * *
Blork the orc casts a cantrip, but nothing happens.
Blork the orc hits you with a +0 war axe.
* * * LOW HITPOINT WARNING * * *
Found a long sword.
Blork the orc miscasts a cantrip.
Found a stone staircase leading down.
Blork the orc begins to cast a cantrip, but forgets the words!
Blork the orc casts a spell at you. The magic dart hits you!
* * * LOW HITPOINT WARNING * * *
Blork the orc looks satisfied for a moment.
Blork the orc points at you and mumbles some strange words.
The magic dart hits you.
You die...

### ##.##... #..
#####...#.# #.#
#.........# ## #.#
#.###...###
.######.#####.#
##.##
..............# #.#
.##...#.####### #.#
#...#...##########o#
.##...##........@..#
#.##.###.....#######
##...........#
#.#..###.....#
.##..# #.....#
.##.># #......#
.##..# #.###..#
.##..# #.# #.#
###.## #+# >#


You could see Blork the orc (fast).

Vanquished Creatures
  A hound (D:4)
  Jessica (D:3)
  2 centaur skeletons
  A gnoll (D:1)
  2 adders (D:2)
  2 worms
  10 bats
  4 endoplasms
  4 giant cockroaches
  7 goblins
  5 hobgoblins
  7 jackals (D:3)
  2 quokkas
  10 ball pythons
  2 frilled lizards
  A kobold (D:2)
  3 rats
64 creatures vanquished.

Notes
Turn   | Place    | Note
-------+----------+-------------------------------------------
     0 | D:1      | RatsInWalls the Troll Monk began the quest for the Orb.
     0 | D:1      | Reached XP level 1. HP: 22/22 MP: 0/0
    69 | D:1      | Reached XP level 2. HP: 18/29 MP: 1/1
   164 | D:1      | Reached skill level 3 in Maces & Flails
   393 | D:1      | Reached XP level 3. HP: 36/36 MP: 2/2
   405 | D:1      | Found a faded altar of an unknown god.
   964 | D:2      | Reached skill level 1 in Armour
   967 | D:2      | Reached XP level 4. HP: 39/44 MP: 3/3
   980 | D:2      | Identified the ring "Ehaciffo" {rN+ rCorr AC+4}
  1179 | D:3      | Found an opulent altar of Gozag.
  1257 | D:3      | Noticed Jessica
  1302 | D:3      | Killed Jessica
  1504 | D:3      | Reached XP level 5. HP: 53/53 MP: 4/4
  2116 | D:4      | Reached skill level 4 in Maces & Flails
  2193 | D:4      | Noticed Blork the orc
  2226 | D:4      | HP: 1/53 [Blork the orc/magic dart (8)]
  2228 | D:4      | Killed from afar by Blork the orc

Illustrated notes

Levels and vault maps discovered:
D:1:      dpeg_arrival_stone_temple_mockup, layout_basic,
          hellmonk_ecumenical_altar_slurped_away, minivault_23
D:2:      layout_loops_ring
D:3:      layout_loops_corners, lemuel_tele_altar, uniq_jessica
D:4:      layout_loops_ring, bloody_makhleb, minmay_temple_entry_mist,
          gammafunk_ghost_arena, grunt_ministairs_11, supply_closet_lemuel,
          uniq_blork_the_orc

Skill      XL: |  1  2  3  4  5 |
---------------+----------------+-----
Maces & Flails | 3 4 |  4.2
Armour         | 1 |  1.8
Dodging        | 3 |  3.2
Fighting       | 3 |  3.1
Stealth        | |  1.0

Action                   |  1- 3 |  4- 6 || total
-------------------------+-------+-------++-------
Melee: Mace              |   132 |   111 ||   243
 Stab: Sleeping          |     2 |     1 ||     3
Armor: Robe              |    87 |    54 ||   141
Dodge: Dodged            |   105 |    89 ||   194
